Admirals NSH vs Americans

Created - Friday, December 04, 2015 at 02:08

Goals
1 2 3 T
Admirals NSH 0 0 0 0
Americans 1 0 0 1
Shots
1 2 3 T
Admirals NSH 5 11 3 19
Americans 9 10 9 28

1st period

1. Americans , Grant Clitsome 7 (Tim Jackman) at 18:19 (PP)

Penalties :
Tim Jackman (RCH) for Fighting (Major) at 7:24, Andrew Desjardins (MIL) for Fighting (Major) at 7:24, Andrew Desjardins (MIL) for instigated a fight (Minor) at 7:24, Andrew Desjardins (MIL) for instigated a fight (10 Minutes Misconduct) at 7:24, Grant Clitsome (RCH) for Tripping (Minor) at 9:37, Paul Bissonnette (MIL) for Hooking (Minor) at 10:16, Pierre-Cedric Labrie (MIL) for Tripping (Minor) at 16:33

2nd period

No Goal

Penalties :
No Penalty

3rd period

No Goal

Penalties :
Andrew Desjardins (MIL) for Roughing (Minor) at 5:35

Goalie Stats

Johan Gustafsson (MIL), 27 saves from 28 shots - (0.964), L, 6-1-7, 59:11 minutes
Jason LaBarbera (RCH), 19 saves from 19 shots - (1.000), W, 7-2-0, 60:00 minutes

Players Stats for Admirals NSH

Player Name              G  A  P  +/- PIM S  H  SB GA TA FO     MP     PP MP  PK MP  
------------------------------------------------------------------------------------
Andrew Desjardins        0  0  0   0  19  3  2  0  3  1  4/7    13:41   0:00   0:00 
Brad Winchester          0  0  0   0  0   0  0  0  0  1  6/10   19:51   0:32   2:10 
Brian Lashoff            0  0  0   0  0   3  2  0  1  0  1/1    19:09   0:39   2:18 
Brody Sutter             0  0  0   0  0   1  1  0  0  0  2/2    19:54   0:07   3:01 
Cameron Schilling        0  0  0   0  0   0  0  0  0  0  0/0     0:00   0:00   0:00 
Eric Faille              0  0  0   0  0   0  0  0  0  0  0/0     1:29   0:00   0:00 
Frazer McLaren           0  0  0   0  0   1  1  0  0  1  0/0    16:20   0:00   1:16 
Fredrik Claesson         0  0  0   0  0   0  4  1  1  0  0/0    21:49   0:00   4:05 
Jamie Wise               0  0  0   0  0   0  3  0  0  0  2/3    18:02   0:07   3:24 
Jyrki Jokipakka          0  0  0   0  0   0  0  2  0  2  0/0    25:51   0:39   2:18 
Michael Pelech           0  0  0   0  0   4  4  0  1  0  0/2    17:55   0:32   0:00 
Mike Blunden             0  0  0   0  0   1  0  0  0  0  0/0     7:30   0:00   0:21 
Nikita Nesterov          0  0  0   0  0   4  2  1  5  2  0/0    22:45   0:00   4:05 
Oliver Lauridsen         0  0  0   0  0   1  1  1  1  0  0/1    14:41   0:00   0:00 
Patrick Mullen           0  0  0   0  0   1  0  0  1  2  0/0    17:13   0:00   0:00 
Paul Bissonnette         0  0  0   0  2   0  1  0  0  1  1/2    19:21   0:06   1:40 
Pierre-Cedric Labrie     0  0  0   0  2   0  3  0  1  1  0/1    17:19   0:32   0:00 
Wade Megan               0  0  0   0  0   0  1  0  2  0  1/5    19:23   0:00   0:54 

Players Stats for Americans

Player Name              G  A  P  +/- PIM S  H  SB GA TA FO     MP     PP MP  PK MP  
------------------------------------------------------------------------------------
Chris Breen              0  0  0   0  0   0  0  0  0  0  0/0     0:00   0:00   0:00 
Daniel Maggio            0  0  0   0  0   0  1  0  0  0  0/0    16:13   0:00   0:00 
Dany Heatley             0  0  0   0  0   1  3  0  1  0  0/1    20:42   3:34   0:13 
Dillon Fournier          0  0  0   0  0   0  0  0  0  0  0/0     0:00   0:00   0:00 
Dylan DeMelo             0  0  0   0  0   1  0  2  0  1  0/0    20:20   2:50   0:39 
Grant Clitsome           1  0  1   0  2   3  3  1  4  0  0/0    23:33   4:06   0:00 
Jake Chelios             0  0  0   0  0   0  0  1  0  1  0/0    17:01   0:00   0:00 
Jerome Samson            0  0  0   0  0   2  5  0  3  1  0/0    17:49   0:44   0:26 
Justin Hodgman           0  0  0   0  0   1  1  0  0  0  2/5    18:11   2:54   0:00 
Marc-Andre Cliche        0  0  0   0  0   2  1  0  2  1  8/15   20:54   1:55   0:29 
Nate Schmidt             0  0  0   0  0   3  1  1  1  2  0/0    23:27   3:33   0:00 
Nick Cousins             0  0  0   0  0   2  2  1  2  1  1/5    18:09   2:22   0:00 
Nick Drazenovic          0  0  0   0  0   3  0  0  3  0  5/6    20:36   2:28   0:10 
Nick Sorkin              0  0  0   0  0   3  0  0  0  0  0/0    13:51   0:21   0:00 
Peter Andersson          0  0  0   0  0   0  4  1  0  1  0/0    20:20   2:50   0:39 
Ruslan Fedotenko         0  0  0   0  0   0  0  0  0  0  0/0    11:28   0:00   0:00 
Spencer Abbott           0  0  0   0  0   1  2  0  2  0  1/1    17:48   2:22   0:00 
Tim Jackman              0  1  1   0  5   6  1  2  2  1  0/1    17:37   1:56   0:00 

3 Stars

1 - Jason LaBarbera (RCH)
2 - Johan Gustafsson (MIL)
3 - Grant Clitsome (RCH)

Power Play

Admirals NSH - 0 on 1 Attempt(s) - 0.00%
Americans - 1 on 4 Attempt(s) - 25.00%

Penalty Kill

Admirals NSH - 3 on 4 Attempt(s) - 75.00% - Score 0 goal in Penalty Kill
Americans - 1 on 1 Attempt(s) - 100.00% - Score 0 goal in Penalty Kill

Team Stat

Admirals NSH - Hits : 25 - Faceoff Wins : 17 - Blocked Shots : 5 - Penalty Minutes : 23
Americans - Hits : 24 - Faceoff Wins : 17 - Blocked Shots : 9 - Penalty Minutes : 7

Official

Referees : Unknown
Linesman : Unknown

Game Notes

Tim Jackman and Andrew Desjardins fight to a draw at 7:24 of 1st period

Finance

Level 1 -- Attendance: 1520 (76.00%) -- Ticket Income $38,000
Level 2 -- Attendance: 764 (76.40%) -- Ticket Income $7,640
Total Attendance: 2284 (76.13%)
Total Ticket Income: $45,640
Other Income: $22,364
Total Income: $68,004

Admirals NSH

5 vs 5 Forward 
   Center                   Left Wing                Right Wing               Time % Phy DF OF 
 1 Andrew Desjardins        Paul Bissonnette         Brody Sutter             27     0   2  3  
 2 Brad Winchester          Pierre-Cedric Labrie     Michael Pelech           27     0   2  3  
 3 Wade Megan               Paul Bissonnette         Jamie Wise               27     0   2  3  
 4 Brad Winchester          Frazer McLaren           Brody Sutter             19     0   2  3  

5 vs 5 Defense 
   Defense                  Defense                                           Time % Phy DF OF 
 1 Jyrki Jokipakka          Brian Lashoff                                     27     0   4  1  
 2 Nikita Nesterov          Fredrik Claesson                                  27     0   4  1  
 3 Jyrki Jokipakka          Oliver Lauridsen                                  27     0   4  1  
 4 Patrick Mullen           Jyrki Jokipakka                                   19     0   4  1  

PowerPlay Forward 
   Center                   Left Wing                Right Wing               Time % Phy DF OF 
 1 Jamie Wise               Paul Bissonnette         Brody Sutter             50     0   1  4  
 2 Brad Winchester          Pierre-Cedric Labrie     Michael Pelech           50     0   1  4  

PowerPlay Defense
   Defense                  Defense                                           Time % Phy DF OF 
 1 Jyrki Jokipakka          Brian Lashoff                                     50     0   2  3  
 2 Fredrik Claesson         Nikita Nesterov                                   50     0   2  3  

Penalty Kill 4 Players Forward 
   Center                   Wing                     Time % Phy DF OF 
 1 Brad Winchester          Jamie Wise               50     0   3  2  
 2 Brody Sutter             Paul Bissonnette         50     0   3  2  

Penalty Kill 4 Players Defense
   Defense                  Defense                  Time % Phy DF OF 
 1 Jyrki Jokipakka          Brian Lashoff            50     0   4  1  
 2 Nikita Nesterov          Fredrik Claesson         50     0   4  1  

Penalty Kill - 3 Players Forward 
   Forward                                           Time % Phy DF OF 
 1 Brody Sutter                                      50     0   5  0  
 2 Frazer McLaren                                    50     0   5  0  

Penalty Kill - 3 Players Defense
   Defense                  Defense                  Time % Phy DF OF 
 1 Jyrki Jokipakka          Nikita Nesterov          50     0   5  0  
 2 Oliver Lauridsen         Brian Lashoff            50     0   5  0  

4 vs 4 Forward 
   Center                   Wing                     Time % Phy DF OF 
 1 Brad Winchester          Brody Sutter             50     0   2  3  
 2 Paul Bissonnette         Wade Megan               50     0   2  3  

4 vs 4 Defense
   Defense                  Defense                  Time % Phy DF OF 
 1 Brian Lashoff            Jyrki Jokipakka          50     0   4  1  
 2 Patrick Mullen           Oliver Lauridsen         50     0   4  1  

Last Minutes Offensive
   Center                   Left Wing                Right Wing               Defense                  Defense                  
   Andrew Desjardins        Brad Winchester          Brody Sutter             Brian Lashoff            Jyrki Jokipakka          

Last Minutes Defensive
   Center                   Left Wing                Right Wing               Defense                  Defense                  
   Andrew Desjardins        Brad Winchester          Brody Sutter             Brian Lashoff            Jyrki Jokipakka          

Goaltenders
Starting : Johan Gustafsson         
Backup : Chad Johnson             

Extra Forwards
Normal : Jamie Wise, Brody Sutter, Brad Winchester - PP : Brody Sutter, Brad Winchester - PK : Brody Sutter
Extra Defensemen
Normal : Jyrki Jokipakka, Patrick Mullen, Brian Lashoff - PP : Jyrki Jokipakka - PK : Nikita Nesterov, Jyrki Jokipakka
Penalty Shots
Jamie Wise, Pierre-Cedric Labrie, Michael Pelech, Brody Sutter, Brad Winchester

Americans

5 vs 5 Forward 
   Center                   Left Wing                Right Wing               Time % Phy DF OF 
 1 Marc-Andre Cliche        Dany Heatley             Tim Jackman              35     1   2  2  
 2 Nick Cousins             Nick Drazenovic          Spencer Abbott           30     1   2  2  
 3 Nick Drazenovic          Nick Sorkin              Jerome Samson            22     1   2  2  
 4 Justin Hodgman           Ruslan Fedotenko         Marc-Andre Cliche        13     1   2  2  

5 vs 5 Defense 
   Defense                  Defense                                           Time % Phy DF OF 
 1 Grant Clitsome           Nate Schmidt                                      35     1   2  2  
 2 Dylan DeMelo             Peter Andersson                                   30     1   2  2  
 3 Jake Chelios             Daniel Maggio                                     22     1   2  2  
 4 Grant Clitsome           Nate Schmidt                                      13     1   2  2  

PowerPlay Forward 
   Center                   Left Wing                Right Wing               Time % Phy DF OF 
 1 Marc-Andre Cliche        Dany Heatley             Tim Jackman              60     1   2  2  
 2 Nick Cousins             Nick Drazenovic          Spencer Abbott           40     1   2  2  

PowerPlay Defense
   Defense                  Defense                                           Time % Phy DF OF 
 1 Grant Clitsome           Nate Schmidt                                      60     1   2  2  
 2 Dylan DeMelo             Peter Andersson                                   40     1   2  2  

Penalty Kill 4 Players Forward 
   Center                   Wing                     Time % Phy DF OF 
 1 Marc-Andre Cliche        Tim Jackman              60     1   2  2  
 2 Dany Heatley             Nick Cousins             40     1   2  2  

Penalty Kill 4 Players Defense
   Defense                  Defense                  Time % Phy DF OF 
 1 Grant Clitsome           Nate Schmidt             60     1   2  2  
 2 Dylan DeMelo             Peter Andersson          40     1   2  2  

Penalty Kill - 3 Players Forward 
   Forward                                           Time % Phy DF OF 
 1 Marc-Andre Cliche                                 60     1   2  2  
 2 Tim Jackman                                       40     1   2  2  

Penalty Kill - 3 Players Defense
   Defense                  Defense                  Time % Phy DF OF 
 1 Grant Clitsome           Nate Schmidt             60     1   2  2  
 2 Dylan DeMelo             Peter Andersson          40     1   2  2  

4 vs 4 Forward 
   Center                   Wing                     Time % Phy DF OF 
 1 Marc-Andre Cliche        Tim Jackman              60     1   2  2  
 2 Dany Heatley             Nick Cousins             40     1   2  2  

4 vs 4 Defense
   Defense                  Defense                  Time % Phy DF OF 
 1 Grant Clitsome           Nate Schmidt             60     1   2  2  
 2 Dylan DeMelo             Peter Andersson          40     1   2  2  

Last Minutes Offensive
   Center                   Left Wing                Right Wing               Defense                  Defense                  
   Marc-Andre Cliche        Dany Heatley             Tim Jackman              Grant Clitsome           Nate Schmidt             

Last Minutes Defensive
   Center                   Left Wing                Right Wing               Defense                  Defense                  
   Marc-Andre Cliche        Dany Heatley             Tim Jackman              Grant Clitsome           Nate Schmidt             

Goaltenders
Starting : Jason LaBarbera          
Backup : Petr Mrazek              

Extra Forwards
Normal : Nick Drazenovic, Justin Hodgman, Jerome Samson - PP : Nick Drazenovic, Justin Hodgman - PK : Jerome Samson
Extra Defensemen
Normal : Jake Chelios, Daniel Maggio, Dylan DeMelo - PP : Jake Chelios - PK : Daniel Maggio, Dylan DeMelo
Penalty Shots
Marc-Andre Cliche, Tim Jackman, Dany Heatley, Nick Cousins, Nick Drazenovic

% Time on Ice - Admirals NSH

Lines # - Real PCT - Wanted PCT - Time Play
Normal Forward
1 - 18% - 27% - 9:20
2 - 31% - 27% - 15:38
3 - 26% - 27% - 13:01
4 - 25% - 19% - 12:46
Normal Defense
1 - 22% - 27% - 11:07
2 - 35% - 27% - 17:44
3 - 24% - 27% - 12:23
4 - 19% - 19% - 9:31
PP Forward
1 - 18% - 50% - 0:07
2 - 82% - 50% - 0:32
PP Defense
1 - 100% - 50% - 0:39
2 - 0% - 50% - 0:00
PK Forward
1 - 53% - 50% - 3:24
2 - 47% - 50% - 2:59
PK Defense
1 - 36% - 50% - 2:18
2 - 64% - 50% - 4:05
PK3 Forward
1 - 0% - 50%
2 - 0% - 50%
PK3 Defense
1 - 0% - 50%
2 - 0% - 50%
44 Forward
1 - 33% - 50% - 0:26
2 - 68% - 50% - 0:54
44 Defense
1 - 24% - 50% - 0:19
2 - 76% - 50% - 1:01
Last Minute Offensive  - 0:53
Last Minute Defensive  - 0:00
Total
Forward - 60:00
Defense - 60:00

% Time on Ice - Americans

Lines # - Real PCT - Wanted PCT - Time Play
Normal Forward
1 - 28% - 35% - 14:17
2 - 30% - 30% - 15:26
3 - 23% - 22% - 11:48
4 - 19% - 13% - 9:27
Normal Defense
1 - 31% - 35% - 16:00
2 - 32% - 30% - 16:19
3 - 32% - 22% - 16:13
4 - 5% - 13% - 2:26
PP Forward
1 - 63% - 60% - 4:01
2 - 37% - 40% - 2:22
PP Defense
1 - 56% - 60% - 3:33
2 - 44% - 40% - 2:50
PK Forward
1 - 100% - 60% - 0:39
2 - 0% - 40% - 0:00
PK Defense
1 - 0% - 60% - 0:00
2 - 100% - 40% - 0:39
PK3 Forward
1 - 0% - 60%
2 - 0% - 40%
PK3 Defense
1 - 0% - 60%
2 - 0% - 40%
44 Forward
1 - 100% - 60% - 1:20
2 - 0% - 40% - 0:00
44 Defense
1 - 60% - 60% - 0:48
2 - 40% - 40% - 0:32
Last Minute Offensive  - 0:00
Last Minute Defensive  - 0:40
Total
Forward - 60:00
Defense - 60:00

Play by Play

1st period


0:01 of 1st period - Marc-Andre Cliche wins face-off versus Andrew Desjardins in neutral zone.
0:28 of 1st period - Snap shot by Grant Clitsome.
0:28 of 1st period - Deflect By Tim Jackman.
0:28 of 1st period - Shot Misses the Net.
0:28 of 1st period - Puck is out of play.
0:29 of 1st period - Brad Winchester wins face-off versus Nick Cousins in Admirals NSH zone.
0:29 of 1st period - Brad Winchester is hit by Peter Andersson.
0:59 of 1st period - Wrist shot by Nick Cousins.
0:59 of 1st period - Shot Misses the Net.
1:01 of 1st period - Wrist shot by Nick Drazenovic.
1:01 of 1st period - Stopped by Johan Gustafsson with a rebound.
1:03 of 1st period - Wrist shot by Nick Cousins.
1:03 of 1st period - Deflect By Spencer Abbott.
1:03 of 1st period - Shot Blocked by Nikita Nesterov.
1:03 of 1st period - Puck is out of play.
1:04 of 1st period - Paul Bissonnette wins face-off versus Justin Hodgman in Admirals NSH zone.
1:45 of 1st period - Icing by Ruslan Fedotenko.
1:46 of 1st period - Brad Winchester wins face-off versus Justin Hodgman in Americans zone.
2:19 of 1st period - Slapshot by Grant Clitsome.
2:19 of 1st period - Shot Misses the Net.
2:21 of 1st period - Slapshot by Nate Schmidt.
2:21 of 1st period - Deflect By Jyrki Jokipakka.
2:21 of 1st period - Stopped by Johan Gustafsson with a rebound.
2:23 of 1st period - Slapshot by Nate Schmidt.
2:23 of 1st period - Shot Blocked by Jyrki Jokipakka.
3:17 of 1st period - Off-side.
3:18 of 1st period - Nick Cousins wins face-off versus Wade Megan in neutral zone.
3:25 of 1st period - Slapshot by Grant Clitsome.
3:25 of 1st period - Stopped by Johan Gustafsson with a rebound.
3:27 of 1st period - Snap shot by Grant Clitsome.
3:27 of 1st period - Shot Misses the Net.
3:39 of 1st period - Slapshot by Grant Clitsome.
3:39 of 1st period - Shot Misses the Net.
3:41 of 1st period - Slapshot by Peter Andersson.
3:41 of 1st period - Shot Misses the Net.
4:05 of 1st period - Slapshot by Tim Jackman.
4:05 of 1st period - Stopped by Johan Gustafsson without a rebound.
4:06 of 1st period - Andrew Desjardins wins face-off versus Marc-Andre Cliche in Admirals NSH zone.
5:55 of 1st period - Brian Lashoff is hit by Justin Hodgman.
6:01 of 1st period - Snap shot by Andrew Desjardins.
6:01 of 1st period - Stopped by Jason LaBarbera with a rebound.
7:13 of 1st period - Off-side.
7:14 of 1st period - Andrew Desjardins wins face-off versus Tim Jackman in neutral zone.
7:24 of 1st period - Tim Jackman and Andrew Desjardins fight to a draw.
7:24 of 1st period - Penalty to Tim Jackman for Fighting.
7:24 of 1st period - Penalty to Andrew Desjardins for Fighting.
7:24 of 1st period - Penalty to Andrew Desjardins for instigated a fight.
7:24 of 1st period - Penalty to Andrew Desjardins for instigated a fight.
7:25 of 1st period - Brad Winchester wins face-off versus Dany Heatley in Admirals NSH zone.
7:34 of 1st period - Nikita Nesterov is hit by Grant Clitsome and loses puck.
8:05 of 1st period - Slapshot by Grant Clitsome.
8:05 of 1st period - Shot Misses the Net.
8:07 of 1st period - Wrist shot by Marc-Andre Cliche.
8:07 of 1st period - Stopped by Johan Gustafsson with a rebound.
9:24 of 1st period - Penalty to Andrew Desjardins is over, Michael Pelech is send on ice.
9:37 of 1st period - Minor Penalty to Grant Clitsome for Tripping.
9:38 of 1st period - Marc-Andre Cliche wins face-off versus Brad Winchester in Americans zone.
9:38 of 1st period - Marc-Andre Cliche is hit by Michael Pelech.
9:53 of 1st period - Slapshot by Brian Lashoff.
9:53 of 1st period - Shot Blocked by Dylan DeMelo.
9:59 of 1st period - Jyrki Jokipakka is hit by Peter Andersson and loses puck.
10:16 of 1st period - Minor Penalty to Paul Bissonnette for Hooking.
10:17 of 1st period - Marc-Andre Cliche wins face-off versus Jamie Wise in Admirals NSH zone.
10:18 of 1st period - Snap shot by Nate Schmidt.
10:18 of 1st period - Stopped by Johan Gustafsson without a rebound.
10:19 of 1st period - Jamie Wise wins face-off versus Marc-Andre Cliche in Admirals NSH zone.
10:34 of 1st period - Slapshot by Patrick Mullen.
10:34 of 1st period - Stopped by Jason LaBarbera with a rebound.
11:37 of 1st period - Penalty to Grant Clitsome is over, Grant Clitsome is back on ice.
11:54 of 1st period - Slapshot by Brian Lashoff.
11:54 of 1st period - Stopped by Jason LaBarbera with a rebound.
11:58 of 1st period - Snap shot by Brian Lashoff.
11:58 of 1st period - Shot Blocked by Grant Clitsome.
12:16 of 1st period - Penalty to Paul Bissonnette is over, Paul Bissonnette is back on ice.
12:52 of 1st period - Snap shot by Tim Jackman.
12:52 of 1st period - Shot Misses the Net.
13:17 of 1st period - Slapshot by Nikita Nesterov.
13:17 of 1st period - Deflect By Brody Sutter.
13:17 of 1st period - Stopped by Jason LaBarbera without a rebound.
13:18 of 1st period - Jamie Wise wins face-off versus Nick Drazenovic in Americans zone.
13:56 of 1st period - Slapshot by Marc-Andre Cliche.
13:56 of 1st period - Stopped by Johan Gustafsson without a rebound.
13:57 of 1st period - Brad Winchester wins face-off versus Marc-Andre Cliche in Admirals NSH zone.
15:41 of 1st period - Spencer Abbott is hit by Paul Bissonnette and loses puck.
15:50 of 1st period - Mike Blunden is hit by Nick Cousins and loses puck.
16:33 of 1st period - Minor Penalty to Pierre-Cedric Labrie for Tripping.
16:34 of 1st period - Brad Winchester wins face-off versus Marc-Andre Cliche in Admirals NSH zone.
16:50 of 1st period - Snap shot by Grant Clitsome.
16:50 of 1st period - Shot Misses the Net.
16:52 of 1st period - Slapshot by Nate Schmidt.
16:52 of 1st period - Deflect By Nikita Nesterov.
16:52 of 1st period - Stopped by Johan Gustafsson with a rebound.
17:32 of 1st period - Slapshot by Dany Heatley.
17:32 of 1st period - Shot Misses the Net.
17:34 of 1st period - Snap shot by Tim Jackman.
17:34 of 1st period - Shot Misses the Net.
17:36 of 1st period - Slapshot by Justin Hodgman.
17:36 of 1st period - Shot Misses the Net.
18:19 of 1st period - Slapshot by Grant Clitsome.
18:19 of 1st period - Goal by Grant Clitsome - Admirals NSH : 0 - Americans : 1.
18:20 of 1st period - Nick Drazenovic wins face-off versus Pierre-Cedric Labrie in neutral zone.
18:34 of 1st period - Snap shot by Michael Pelech.
18:34 of 1st period - Stopped by Jason LaBarbera with a rebound.
19:44 of 1st period - Marc-Andre Cliche is hit by Brian Lashoff.
Goals for this period are 0 for Admirals NSH vs 1 for Americans.
Shots for this period are 5 for Admirals NSH vs 9 for Americans.

2nd period


0:01 of 2nd period - Marc-Andre Cliche wins face-off versus Paul Bissonnette in neutral zone.
0:26 of 2nd period - Marc-Andre Cliche is hit by Jamie Wise.
1:05 of 2nd period - Frazer McLaren is hit by Jerome Samson and loses puck.
2:24 of 2nd period - 10 Minutes Misconduct Penalty to Andrew Desjardins is over.
2:54 of 2nd period - Slapshot by Michael Pelech.
2:54 of 2nd period - Stopped by Jason LaBarbera with a rebound.
3:28 of 2nd period - Andrew Desjardins is hit by Jerome Samson and loses puck.
3:49 of 2nd period - Grant Clitsome is hit by Nikita Nesterov and loses puck.
4:27 of 2nd period - Oliver Lauridsen is hit by Tim Jackman and loses puck.
4:40 of 2nd period - Slapshot by Grant Clitsome.
4:40 of 2nd period - Shot Misses the Net.
4:58 of 2nd period - Pierre-Cedric Labrie is hit by Nick Cousins and loses puck.
5:18 of 2nd period - Jamie Wise is hit by Dany Heatley and loses puck.
5:40 of 2nd period - Slapshot by Andrew Desjardins.
5:40 of 2nd period - Stopped by Jason LaBarbera without a rebound.
5:41 of 2nd period - Nick Drazenovic wins face-off versus Brad Winchester in Americans zone.
6:19 of 2nd period - Wrist shot by Nikita Nesterov.
6:19 of 2nd period - Shot Misses the Net.
6:23 of 2nd period - Snap shot by Michael Pelech.
6:23 of 2nd period - Stopped by Jason LaBarbera with a rebound.
6:25 of 2nd period - Snap shot by Pierre-Cedric Labrie.
6:25 of 2nd period - Shot Blocked by Dylan DeMelo.
6:27 of 2nd period - Wrist shot by Brody Sutter.
6:27 of 2nd period - Shot Misses the Net.
6:29 of 2nd period - Slapshot by Nikita Nesterov.
6:29 of 2nd period - Deflect By Marc-Andre Cliche.
6:29 of 2nd period - Stopped by Jason LaBarbera with a rebound.
6:31 of 2nd period - Wrist shot by Michael Pelech.
6:31 of 2nd period - Stopped by Jason LaBarbera with a rebound.
6:49 of 2nd period - Oliver Lauridsen is hit by Jerome Samson and loses puck.
7:10 of 2nd period - Slapshot by Tim Jackman.
7:10 of 2nd period - Stopped by Johan Gustafsson with a rebound.
7:22 of 2nd period - Slapshot by Dany Heatley.
7:22 of 2nd period - Stopped by Johan Gustafsson with a rebound.
7:40 of 2nd period - Snap shot by Justin Hodgman.
7:40 of 2nd period - Stopped by Johan Gustafsson with a rebound.
7:44 of 2nd period - Slapshot by Justin Hodgman.
7:44 of 2nd period - Shot Misses the Net.
8:21 of 2nd period - Grant Clitsome is hit by Jamie Wise and loses puck.
8:41 of 2nd period - Brad Winchester is hit by Dany Heatley and loses puck.
8:49 of 2nd period - Slapshot by Brian Lashoff.
8:49 of 2nd period - Stopped by Jason LaBarbera with a rebound.
8:51 of 2nd period - Slapshot by Jyrki Jokipakka.
8:51 of 2nd period - Shot Blocked by Nate Schmidt.
8:53 of 2nd period - Slapshot by Jyrki Jokipakka.
8:53 of 2nd period - Shot Misses the Net.
9:09 of 2nd period - Snap shot by Nick Cousins.
9:09 of 2nd period - Shot Misses the Net.
9:21 of 2nd period - Wrist shot by Spencer Abbott.
9:21 of 2nd period - Deflect By Nick Cousins.
9:21 of 2nd period - Stopped by Johan Gustafsson with a rebound.
9:42 of 2nd period - Snap shot by Andrew Desjardins.
9:42 of 2nd period - Stopped by Jason LaBarbera without a rebound.
9:43 of 2nd period - Marc-Andre Cliche wins face-off versus Wade Megan in Americans zone.
10:22 of 2nd period - Nick Cousins is hit by Michael Pelech and loses puck.
10:35 of 2nd period - Nick Cousins is hit by Brian Lashoff.
11:09 of 2nd period - Brian Lashoff is hit by Jerome Samson and loses puck.
11:16 of 2nd period - Wrist shot by Nick Drazenovic.
11:16 of 2nd period - Stopped by Johan Gustafsson with a rebound.
11:18 of 2nd period - Wrist shot by Nick Drazenovic.
11:18 of 2nd period - Stopped by Johan Gustafsson without a rebound.
11:19 of 2nd period - Nick Drazenovic wins face-off versus Brad Winchester in Admirals NSH zone.
12:25 of 2nd period - Slapshot by Nate Schmidt.
12:25 of 2nd period - Shot Misses the Net.
12:27 of 2nd period - Wrist shot by Tim Jackman.
12:27 of 2nd period - Stopped by Johan Gustafsson with a rebound.
12:29 of 2nd period - Snap shot by Grant Clitsome.
12:29 of 2nd period - Shot Blocked by Oliver Lauridsen.
12:31 of 2nd period - Slapshot by Grant Clitsome.
12:31 of 2nd period - Stopped by Johan Gustafsson with a rebound.
12:33 of 2nd period - Snap shot by Marc-Andre Cliche.
12:33 of 2nd period - Shot Misses the Net.
13:10 of 2nd period - Icing by Nick Drazenovic.
13:11 of 2nd period - Nick Drazenovic wins face-off versus Oliver Lauridsen in Americans zone.
13:11 of 2nd period - Nick Drazenovic is hit by Oliver Lauridsen.
14:09 of 2nd period - Dany Heatley is hit by Pierre-Cedric Labrie.
14:29 of 2nd period - Nick Cousins is hit by Jamie Wise and loses puck.
14:47 of 2nd period - Wrist shot by Mike Blunden.
14:47 of 2nd period - Shot Blocked by Tim Jackman.
14:49 of 2nd period - Slapshot by Nikita Nesterov.
14:49 of 2nd period - Stopped by Jason LaBarbera with a rebound.
14:51 of 2nd period - Snap shot by Michael Pelech.
14:51 of 2nd period - Deflect By Mike Blunden.
14:51 of 2nd period - Stopped by Jason LaBarbera without a rebound.
14:52 of 2nd period - Justin Hodgman wins face-off versus Michael Pelech in Americans zone.
14:59 of 2nd period - Snap shot by Tim Jackman.
14:59 of 2nd period - Stopped by Johan Gustafsson without a rebound.
15:00 of 2nd period - Justin Hodgman wins face-off versus Michael Pelech in Admirals NSH zone.
15:30 of 2nd period - Jake Chelios is hit by Fredrik Claesson and loses puck.
16:13 of 2nd period - Dylan DeMelo is hit by Wade Megan.
16:45 of 2nd period - Nick Sorkin is hit by Pierre-Cedric Labrie and loses puck.
16:58 of 2nd period - Snap shot by Andrew Desjardins.
16:58 of 2nd period - Shot Misses the Net.
17:00 of 2nd period - Slapshot by Nikita Nesterov.
17:00 of 2nd period - Stopped by Jason LaBarbera without a rebound.
17:01 of 2nd period - Andrew Desjardins wins face-off versus Marc-Andre Cliche in Americans zone.
17:02 of 2nd period - Slapshot by Nikita Nesterov.
17:02 of 2nd period - Stopped by Jason LaBarbera without a rebound.
17:03 of 2nd period - Marc-Andre Cliche wins face-off versus Andrew Desjardins in Americans zone.
17:10 of 2nd period - Marc-Andre Cliche is hit by Andrew Desjardins and loses puck.
17:33 of 2nd period - Nate Schmidt is hit by Pierre-Cedric Labrie and loses puck.
17:58 of 2nd period - Andrew Desjardins is hit by Peter Andersson and loses puck.
18:05 of 2nd period - Jerome Samson is hit by Brody Sutter.
18:54 of 2nd period - Snap shot by Jerome Samson.
18:54 of 2nd period - Stopped by Johan Gustafsson with a rebound.
19:29 of 2nd period - Slapshot by Nikita Nesterov.
19:29 of 2nd period - Shot Misses the Net.
19:39 of 2nd period - Andrew Desjardins is hit by Grant Clitsome and loses puck.
Goals for this period are 0 for Admirals NSH vs 0 for Americans.
Shots for this period are 11 for Admirals NSH vs 10 for Americans.

3rd period


0:01 of 3rd period - Marc-Andre Cliche wins face-off versus Wade Megan in neutral zone.
0:59 of 3rd period - Brad Winchester is hit by Grant Clitsome and loses puck.
1:16 of 3rd period - Off-side.
1:17 of 3rd period - Nick Drazenovic wins face-off versus Brad Winchester in neutral zone.
1:20 of 3rd period - Wrist shot by Nick Sorkin.
1:20 of 3rd period - Stopped by Johan Gustafsson with a rebound.
3:02 of 3rd period - Snap shot by Nick Cousins.
3:02 of 3rd period - Shot Blocked by Jyrki Jokipakka.
4:28 of 3rd period - Peter Andersson is hit by Fredrik Claesson and loses puck.
4:47 of 3rd period - Justin Hodgman is hit by Michael Pelech and loses puck.
5:35 of 3rd period - Minor Penalty to Andrew Desjardins for Roughing.
5:36 of 3rd period - Brody Sutter wins face-off versus Marc-Andre Cliche in Admirals NSH zone.
5:49 of 3rd period - Snap shot by Tim Jackman.
5:49 of 3rd period - Stopped by Johan Gustafsson with a rebound.
6:05 of 3rd period - Nick Drazenovic is hit by Nikita Nesterov and loses puck.
6:12 of 3rd period - Wrist shot by Spencer Abbott.
6:12 of 3rd period - Stopped by Johan Gustafsson with a rebound.
6:14 of 3rd period - Snap shot by Nick Drazenovic.
6:14 of 3rd period - Deflect By Nikita Nesterov.
6:14 of 3rd period - Shot Blocked by Fredrik Claesson.
6:14 of 3rd period - Puck is out of play.
6:15 of 3rd period - Wade Megan wins face-off versus Nick Cousins in Admirals NSH zone.
6:42 of 3rd period - Wrist shot by Tim Jackman.
6:42 of 3rd period - Stopped by Johan Gustafsson with a rebound.
7:18 of 3rd period - Nick Cousins is hit by Fredrik Claesson and loses puck.
7:35 of 3rd period - Penalty to Andrew Desjardins is over, Andrew Desjardins is back on ice.
7:51 of 3rd period - Jyrki Jokipakka is hit by Jerome Samson and loses puck.
8:04 of 3rd period - Slapshot by Jerome Samson.
8:04 of 3rd period - Stopped by Johan Gustafsson with a rebound.
8:06 of 3rd period - Snap shot by Dylan DeMelo.
8:06 of 3rd period - Stopped by Johan Gustafsson with a rebound.
8:08 of 3rd period - Slapshot by Justin Hodgman.
8:08 of 3rd period - Shot Misses the Net.
8:10 of 3rd period - Slapshot by Dylan DeMelo.
8:10 of 3rd period - Shot Misses the Net.
8:12 of 3rd period - Wrist shot by Dylan DeMelo.
8:12 of 3rd period - Shot Misses the Net.
8:26 of 3rd period - Daniel Maggio is hit by Andrew Desjardins and loses puck.
8:35 of 3rd period - Andrew Desjardins is hit by Daniel Maggio and loses puck.
9:06 of 3rd period - Wrist shot by Andrew Desjardins.
9:06 of 3rd period - Shot Misses the Net.
9:08 of 3rd period - Slapshot by Brian Lashoff.
9:08 of 3rd period - Deflect By Andrew Desjardins.
9:08 of 3rd period - Shot Hit the Post.
9:08 of 3rd period - Puck is out of play.
9:09 of 3rd period - Andrew Desjardins wins face-off versus Nick Cousins in Americans zone.
9:38 of 3rd period - Nikita Nesterov is hit by Dany Heatley and loses puck.
10:32 of 3rd period - Tim Jackman is hit by Frazer McLaren and loses puck.
11:17 of 3rd period - Peter Andersson is hit by Michael Pelech and loses puck.
11:24 of 3rd period - Wrist shot by Nick Sorkin.
11:24 of 3rd period - Stopped by Johan Gustafsson with a rebound.
11:26 of 3rd period - Snap shot by Nick Sorkin.
11:26 of 3rd period - Stopped by Johan Gustafsson without a rebound.
11:27 of 3rd period - Brad Winchester wins face-off versus Nick Cousins in Admirals NSH zone.
11:38 of 3rd period - Snap shot by Frazer McLaren.
11:38 of 3rd period - Shot Blocked by Nick Cousins.
11:46 of 3rd period - Snap shot by Frazer McLaren.
11:46 of 3rd period - Stopped by Jason LaBarbera with a rebound.
11:58 of 3rd period - Jamie Wise is hit by Marc-Andre Cliche and loses puck.
13:02 of 3rd period - Slapshot by Nikita Nesterov.
13:02 of 3rd period - Shot Blocked by Peter Andersson.
13:12 of 3rd period - Wrist shot by Pierre-Cedric Labrie.
13:12 of 3rd period - Shot Blocked by Tim Jackman.
13:22 of 3rd period - Snap shot by Pierre-Cedric Labrie.
13:22 of 3rd period - Shot Misses the Net.
14:18 of 3rd period - Wrist shot by Mike Blunden.
14:18 of 3rd period - Shot Misses the Net.
14:20 of 3rd period - Slapshot by Oliver Lauridsen.
14:20 of 3rd period - Stopped by Jason LaBarbera without a rebound.
14:21 of 3rd period - Spencer Abbott wins face-off versus Wade Megan in Americans zone.
14:43 of 3rd period - Jyrki Jokipakka is hit by Spencer Abbott and loses puck.
15:00 of 3rd period - Eric Faille is hit by Nate Schmidt and loses puck.
15:19 of 3rd period - Grant Clitsome is hit by Fredrik Claesson.
15:23 of 3rd period - Fredrik Claesson is hit by Spencer Abbott.
16:17 of 3rd period - Snap shot by Nick Cousins.
16:17 of 3rd period - Stopped by Johan Gustafsson with a rebound.
16:27 of 3rd period - Snap shot by Tim Jackman.
16:27 of 3rd period - Deflect By Brian Lashoff.
16:27 of 3rd period - Shot Misses the Net.
16:27 of 3rd period - Puck is out of play.
16:28 of 3rd period - Brian Lashoff wins face-off versus Marc-Andre Cliche in Admirals NSH zone.
16:46 of 3rd period - Icing by Mike Blunden.
16:47 of 3rd period - Brody Sutter wins face-off versus Justin Hodgman in Admirals NSH zone.
16:58 of 3rd period - Slapshot by Spencer Abbott.
16:58 of 3rd period - Shot Misses the Net.
17:17 of 3rd period - Brad Winchester is hit by Peter Andersson and loses puck.
17:22 of 3rd period - Wrist shot by Tim Jackman.
17:22 of 3rd period - Shot Misses the Net.
17:24 of 3rd period - Slapshot by Nate Schmidt.
17:24 of 3rd period - Shot Hit the Post.
18:39 of 3rd period - Slapshot by Nikita Nesterov.
18:39 of 3rd period - Shot Blocked by Jake Chelios.
19:11 of 3rd period - Admirals NSH, Johan Gustafsson is pulled from the net.
19:19 of 3rd period - Slapshot by Brian Lashoff.
19:19 of 3rd period - Stopped by Jason LaBarbera without a rebound.
19:20 of 3rd period - Mark Morris call a timeout for Admirals NSH.
19:20 of 3rd period - Marc-Andre Cliche wins face-off versus Andrew Desjardins in Americans zone.
Goals for this period are 0 for Admirals NSH vs 0 for Americans.
Shots for this period are 3 for Admirals NSH vs 9 for Americans.